Map: Lightshade LE

Players

Serral

  • Race: Zerg Zerg
  • Spawn Location: 5:00

Clem - Winner!

  • Race: Terran Terran
  • Spawn Location: 11:00

Event: IEM Katowice 2021

VOD

Have the link to the VOD?

Description

Time

  • Played on: Feb. 26, 2021, 12:28 p.m.
  • Length: 10:11

All games in this series

Show
View Real Time Build Order
Export as new Build Order

Serral Zerg 

Build Orders: Hatch First, Zergling Baneling 

Get SALT Encoding   

  12  0:00  Drone  
  13  0:12  Overlord  
  13  0:16  Drone  
  14  0:30  Drone x2  
  16  0:47  Hatchery  
  15  0:51  Drone  
  15  0:54  Drone  
  17  0:57  Drone  
  18  1:08  Extractor  
  17  1:12  Spawning Pool  
  17  1:15  Drone  
  17  1:19  Drone  
  18  1:28  Drone  
  19  1:38  Drone  
  20  1:49  Drone  
  21  1:59  Queen x2  
  21  2:00  Zergling x4  
  27  2:10  Overlord  
  27  2:11  Drone  
  28  2:21  Hatchery  
  27  2:28  Drone  
  28  2:31  Drone  
  28  2:32  Drone  
  28  2:33  Drone  
  31  2:40  Queen  
  33  2:45  Metabolic Boost  
  33  2:50  Overlord  
  33  2:53  Drone  
  33  2:54  Drone  
  33  2:57  Drone  
  35  3:07  Overlord  
  35  3:08  Drone x2  
  35  3:09  Drone  
  35  3:10  Drone  
  39  3:16  Queen  
  39  3:18  Zergling x2  
  43  3:20  Drone  
  43  3:25  Queen  
  45  3:33  Queen  
  47  3:37  Drone  
  47  3:38  Drone  
  47  3:39  Overlord  
  47  3:41  Zergling x4  
  51  3:50  Baneling Nest  
  51  3:51  Queen  
  51  3:53  Zergling x2  
  53  4:01  Zergling x10  
  56  4:05  Queen  
  54  4:11  Zergling x6  
  54  4:16  Drone x2  
  52  4:24  Zergling x4  
  52  4:29  Overlord  
  52  4:31  Zergling x2  
  55  4:39  Zergling x10  
  55  4:45  Baneling x7  
  60  4:49  Zergling x4  
  60  4:52  Baneling  
  62  4:57  Overlord  
  62  4:58  Zergling x4  
  64  5:04  Overlord  
  64  5:07  Zergling x2  
  64  5:08  Baneling  
  63  5:16  Zergling x14  
  69  5:22  Zergling x6  
  69  5:27  Zergling x8  
  72  5:33  Zergling x4  
  70  5:37  Zergling x4  
  70  5:42  Drone x2  
  67  5:43  Drone x3  
  67  5:47  Drone x2  
  67  5:49  Drone  
  72  5:55  Drone x3  
  72  5:56  Drone  
  75  5:58  Drone x2  
  75  6:02  Overlord  
  77  6:08  Lair  
  77  6:09  Extractor  
  77  6:11  Extractor  
  75  6:12  Drone x3  
  75  6:16  Drone x2  
  75  6:17  Drone  
  81  6:19  Overlord  
  81  6:24  Drone x4  
  85  6:27  Drone  
  85  6:28  Drone  
  85  6:31  Drone  
  85  6:32  Drone  
  89  6:40  Evolution Chamber  
  89  6:41  Evolution Chamber, Hatchery  
  89  6:43  Drone  
  89  6:46  Drone x2  
  89  6:47  Drone  
  89  6:48  Drone  
  89  6:51  Extractor, Drone  
  91  6:59  Zergling x16  
  90  7:03  Overlord  
  90  7:04  Overlord  
  90  7:06  Centrifical Hooks  
  90  7:09  Overseer  
  90  7:12  Zerg Ground Armor Level 1  
  90  7:17  Zerg Melee Weapons Level 1  
  90  7:21  Drone x6  
  96  7:24  Zergling x6  
  96  7:27  Baneling x4  
  99  7:30  Baneling x2  
  99  7:32  Baneling  
  99  7:33  Zergling x10  
  99  7:35  Overlord, Baneling  
  104  7:41  Baneling x2  
  102  7:47  Zergling x18  
  102  7:51  Baneling x4  
  103  8:01  Queen  
  103  8:02  Baneling x2  
  103  8:04  Zergling x16  
  113  8:11  Drone x5  
  118  8:13  Baneling x7  
  118  8:18  Zergling x16  
  124  8:20  Queen  
  124  8:25  Baneling x7  
  124  8:26  Zergling x4  
  128  8:30  Overseer  
  128  8:32  Overlord  
  128  8:33  Overlord x2  
  121  8:44  Zergling x8  
  119  8:51  Zergling x8  
  119  8:53  Overlord  
  119  8:54  Overlord  
  123  8:56  Overlord  
  119  9:03  Zergling x14  
  119  9:07  Zergling x2  
  119  9:10  Baneling x9  
  119  9:11  Zergling x8  
  118  9:18  Zergling x14  
  118  9:22  Baneling x2  
  118  9:31  Zergling x16  
  111  9:33  Queen  
  102  9:40  Zergling x12  
  99  9:46  Zergling x8  
Show
View Real Time Build Order
Export as new Build Order

Clem Terran - Winner!

Build Orders: Hellion Opening 

Get SALT Encoding   

  12  0:00  SCV  
  13  0:12  SCV  
  14  0:17  Supply Depot  
  14  0:24  SCV  
  15  0:38  SCV  
  15  0:39  Barracks  
  16  0:45  Refinery  
  16  0:50  SCV  
  17  1:03  SCV  
  18  1:15  SCV  
  19  1:27  Barracks Reactor, Orbital Command  
  19  1:37  Command Center  
  19  1:45  Supply Depot  
  19  1:52  SCV  
  20  2:03  Marine  
  20  2:04  Marine  
  20  2:05  SCV  
  23  2:10  Factory  
  23  2:19  SCV  
  23  2:21  Marine x2  
  26  2:31  SCV  
  27  2:39  Marine x2  
  27  2:43  SCV  
  30  2:49  Orbital Command  
  30  2:54  Armory  
  30  2:56  SCV  
  31  3:00  Hellion x2  
  31  3:03  Marine  
  36  3:08  SCV, Supply Depot  
  37  3:15  SCV  
  38  3:21  Hellion, Barracks Tech Lab  
  38  3:22  Hellion  
  38  3:23  SCV  
  43  3:27  SCV  
  43  3:32  Supply Depot  
  44  3:36  SCV  
  44  3:39  SCV, Stimpack  
  46  3:41  Marine  
  46  3:43  Hellion x2  
  51  3:50  SCV  
  53  3:58  Command Center  
  53  4:00  SCV  
  53  4:02  SCV  
  52  4:04  Marine  
  52  4:08  Hellion  
  52  4:10  Hellion  
  52  4:12  SCV  
  52  4:14  SCV  
  52  4:19  Supply Depot  
  52  4:22  Marine  
  47  4:25  SCV  
  47  4:29  Barracks x2  
  48  4:32  SCV  
  48  4:34  Refinery  
  48  4:36  Hellion x2  
  48  4:38  SCV  
  54  4:42  Refinery  
  54  4:43  Supply Depot  
  54  4:44  SCV  
  54  4:45  Marine  
  56  4:50  SCV  
  57  4:55  Starport  
  57  4:56  SCV  
  58  5:02  SCV  
  58  5:03  Marine  
  60  5:07  Factory Reactor  
  60  5:08  Refinery  
  60  5:09  SCV  
  60  5:11  Orbital Command  
  60  5:12  Hellion  
  63  5:14  SCV  
  63  5:16  Marine  
  63  5:19  Marine  
  63  5:21  SCV, Marine  
  55  5:33  SCV  
  55  5:34  Marine  
  54  5:36  SCV  
  54  5:37  Marine  
  54  5:38  Marine  
  48  5:50  Combat Shield  
  48  5:52  Marine  
  48  5:55  SCV, Marine  
  48  5:56  Engineering Bay  
  51  5:58  SCV  
  51  6:00  SCV  
  51  6:02  Starport Reactor, Factory Reactor  
  53  6:08  SCV  
  53  6:10  SCV  
  55  6:13  Marine  
  55  6:16  SCV, Engineering Bay x2  
  57  6:20  SCV, Barracks Reactor  
  57  6:22  Marine x2  
  57  6:23  Terran Infantry Weapons Level 1  
  60  6:26  Supply Depot  
  60  6:27  SCV  
  60  6:29  SCV  
  60  6:30  Marine  
  60  6:32  Supply Depot  
  63  6:37  SCV  
  63  6:38  Medivac x2  
  63  6:39  SCV  
  69  6:40  Orbital Command  
  69  6:43  Terran Infantry Armor Level 1  
  69  6:47  Marine x2  
  69  6:48  Hellion x2  
  69  6:49  SCV  
  69  6:51  Supply Depot  
  69  6:53  Marine  
  77  6:54  Hellion x3  
  77  6:57  Marine  
  77  6:58  SCV  
  77  7:01  Marine  
  76  7:02  SCV, Supply Depot  
  76  7:05  Marine  
  76  7:07  SCV, Marine  
  80  7:10  Medivac x2, Marine  
  80  7:14  Hellion x2  
  89  7:16  SCV x2  
  89  7:18  Supply Depot  
  89  7:19  SCV  
  89  7:20  Marine  
  93  7:23  Marine x2  
  93  7:27  Marine  
  93  7:28  Marine  
  97  7:30  SCV x2  
  97  7:32  SCV  
  100  7:38  Marine  
  100  7:40  Barracks  
  100  7:41  Barracks, Marine  
  100  7:42  SCV, Marine  
  104  7:45  SCV, Marine  
  104  7:49  Marine  
  104  7:50  SCV  
  100  7:52  Widow Mine  
  100  7:54  Medivac x2  
  100  7:57  SCV  
  100  7:58  Marine  
  103  8:02  Supply Depot  
  103  8:03  Supply Depot  
  103  8:04  Marine  
  106  8:05  SCV  
  106  8:06  SCV  
  106  8:10  Marine x2  
  109  8:14  Supply Depot  
  109  8:21  Supply Depot  
  109  8:24  SCV x2, Marine x3, Widow Mine  
  109  8:26  SCV, Supply Depot  
  117  8:27  Medivac  
  117  8:28  Marine  
  117  8:30  Barracks Reactor  
  117  8:31  Barracks Reactor  
  117  8:32  Widow Mine  
  122  8:34  Marine  
  122  8:36  SCV  
  119  8:45  SCV x2  
  119  8:46  Widow Mine, Marine x2  
  109  8:48  SCV  
  109  8:49  Marine x2  
  109  8:50  Medivac  
  113  8:57  SCV  
  113  8:58  SCV  
  113  9:01  Marine  
  113  9:02  SCV  
  117  9:05  Widow Mine  
  117  9:06  Medivac  
  118  9:10  SCV x2  
  111  9:17  Marine x2  
  111  9:18  Marine x2  
  111  9:20  Medivac  
  111  9:23  Widow Mine  
  116  9:25  Marine x3  
  116  9:30  Marine  
  116  9:31  Marine  
  102  9:32  SCV  
  102  9:34  SCV  
  102  9:35  Marine x2  
  102  9:36  Widow Mine  
  106  9:42  Marine  
  106  9:44  SCV  
  106  9:45  Widow Mine  
  107  9:46  Marine  

Tags
 
Add a new tag
Caveats
  • Supply blocks, unpowered buildings, or Contaminate may cause inaccurate times.
  • Supply counts are checked every 10 seconds.